 Dungeon Crawl Stone Soup version 0.17-a0-1617-gfba1302 (webtiles) character file.

180 Television the Ruffian (level 5, -2/53 HPs)
             Began as a Troll Fighter on Aug 1, 2015.
             Slain by an orc
             ... wielding a +2 trident of protection
              (6 damage)
             ... on level 5 of the Dungeon.
             The game lasted 00:04:28 (611 turns).

Television the Ruffian (Troll Fighter)               Turns: 611, Time: 00:04:29

Health: -2/53      AC:  5    Str: 25    XL:     5   Next: 33%
Magic:  4/4        EV:  8    Int:  9    God:
Gold:   64         SH:  9    Dex: 11    Spells: 0 memorised, 4 levels left

rFire  . . .     SeeInvis .       - Unarmed
rCold  . . .     Clarity  .     a - +0 robe
rNeg   . . .     SustAt   .     b - +0 shield
rPois  .         Gourm    +     (helmet restricted)
rElec  .         Spirit   .     (no cloak)
rCorr  .         Warding  .     (gloves unavailable)
rMut   .         Stasis   .     (boots unavailable)
MR     .....                    (no amulet)
Stlth  +.........               (no ring)
                                (no ring)

@: brilliant, not resistant to hostile enchantments, very unstealthy
A: unfitting armour, claws 3, agile 1, fast metabolism 3, gourmand, regeneration
2, shaggy fur 1, tough skin 2
a: no special abilities


You were on level 5 of the Dungeon.
You were completely stuffed.

You visited 1 branch of the dungeon, and saw 5 of its levels.

You collected 64 gold pieces.

Inventory:

Armour
 a - a +0 robe (worn)
 b - a +0 shield (worn)
Scrolls
 e - a scroll of magic mapping {unknown}
 f - 2 scrolls of recharging {unknown}
 j - a scroll of enchant weapon {unknown}
 l - a scroll of identify {unknown}
Potions
 c - a potion of might
 k - a potion of haste {unknown}
Comestibles
 d - 2 bread rations
 h - a meat ration


   Skills:
 + Level 3.0 Fighting
 - Level 2.4 Dodging
 + Level 3.3 Shields
 * Level 4.3 Unarmed Combat


You had 4 spell levels left.
You didn't know any spells.

Dungeon Overview and Level Annotations

Branches:
Dungeon (5/15)
 Temple: D:4-7

Altars:


Innate Abilities, Weirdness & Mutations

You are too large for most types of armour.
You have claws for hands.
Your metabolism is lightning-fast.
You like to eat raw meat.
You heal very quickly.
You are covered in fur (AC +1).
You have very tough skin (AC +2).
You are agile. (Dex +2)


Message History

The orc wizard is heavily wounded.
The orc hits you with a short sword.
* * * LOW HITPOINT WARNING * * *
The orc wizard casts a spell at you. The puff of flame hits you!
* * * LOW HITPOINT WARNING * * *
The orc hits you with a trident of protection.
* * * LOW HITPOINT WARNING * * *
Drink which item? (? for menu, Esc to quit)
It was a potion of brilliance.
You feel clever all of a sudden. You block the orc's attack.
You block the orc wizard's attack. The orc hits you but does no damage.
Drink which item? (? for menu, Esc to quit)
It was a potion of beneficial mutation.
You feel agile.
You feel fantastic! You block the orc's attack.
The orc wizard hits you but does no damage.
The orc hits you with a trident of protection.
You die...

....)...#
...Z....#
o.......#
........#
o.......#######
..oo...........
#o########
#.#.)oo..#
#o#)#@o..#
#[#.########
#.#......o.#
#.########o#
#.########.#
#...oo.....#
#.##########
###


You could see an orc wizard and 2 orcs.

Vanquished Creatures
  A hound (D:4)
  3 orc priests (D:5)
  A worker ant (D:5)
  A worm (D:1)
  A giant gecko (D:2)
  4 orcs
  2 hobgoblins
  4 jackals
  2 bats
  2 giant newts
  2 goblins
  2 kobolds
  3 rats
28 creatures vanquished.

Notes
Turn   | Place    | Note
--------------------------------------------------------------
     0 | D:1      | Television the Troll Fighter began the quest for the Orb.
     0 | D:1      | Reached XP level 1. HP: 22/22 MP: 0/0
   177 | D:2      | Reached XP level 2. HP: 25/29 MP: 1/1
   406 | D:3      | You fall through a shaft!
   443 | D:4      | Reached skill level 3 in Unarmed Combat
   443 | D:4      | Reached XP level 3. HP: 33/36 MP: 2/2
   488 | D:5      | Entered Level 5 of the Dungeon
   507 | D:5      | Reached XP level 4. HP: 37/44 MP: 3/3
   557 | D:5      | Reached skill level 4 in Unarmed Combat
   557 | D:5      | Reached XP level 5. HP: 29/52 MP: 4/4
   611 | D:5      | Gained mutation: You are agile. (Dex +2) [potion of beneficial mutation]
   611 | D:5      | Slain by an orc

Vault maps used:
D:1:      evilmike_arrival_run_for_it
D:2:      grunt_temple_overflow_growth_and_decay, minitemple,
          lemuel_round_altar, first_bread, uniq_robin
D:3:      grunt_temple_overflow_lords_of_destruction, grunt_dithmenos_smoke,
          ecumenical_altar_2
D:4:      lemuel_coloured_pillars_altar, enter_ossuary_5,
          nicolae_ru_the_path_less_chosen

Action                   |  1- 3 |  4- 6 || total
-------------------------+-------+-------++-------
Melee: Unarmed           |    46 |    29 ||    75
  Use: Potion            |       |     2 ||     2
  Eat: Chunk             |     5 |     6 ||    11
